 Dungeon Crawl Stone Soup version 0.31-a0-1091-g283494c966 (webtiles) character file.

Game seed: 11709534634066080940

94 Dirtsage the Changeling (level 4, -1/29 HPs)
             Began as an Octopode Shapeshifter on Nov 28, 2023.
             Slain by a centaur (6 damage)
             ... on level 3 of the Dungeon.
             The game lasted 00:04:01 (1413 turns).

Dirtsage the Changeling (Octopode Shapeshifter)     Turns: 1413, Time: 00:04:02

Health: -1/29      AC:  1    Str: 15    XL:     4   Next: 63%
Magic:  4/4        EV: 13    Int: 12    God:
Gold:   99         SH:  0    Dex: 11    Spells: 3/3 levels left

rFire   . .          .
                       - Unarmed
rCold   . . .        (no shield)
rNeg    . . .        (helmet currently unavailable)
rPois   .            (no amulet)
rElec   .            (no ring)
rCorr   .            (no ring)
SInv    .            (no ring)
Will    .....        (no ring)
Stlth   ++           (no ring)
HPRegen 0.24/turn    (no ring)
MPRegen 0.09/turn    (no ring)
                     (no ring)

%: no passive effects
@: beast-form
A: beast (slay +2), almost no armour, amphibious, 8 rings, camouflage 1,
gelatinous body 1, (nimble swimmer 1), tentacles
a: Begin Untransformation


You were on level 3 of the Dungeon.
You were a hulking beast.
You visited 1 branch of the dungeon, and saw 4 of its levels.

You collected 99 gold pieces.

Inventory:

Magical Staves
 l - a staff of cold
Talismans
 b - a beast talisman
 c - a flux talisman
 i - a blade talisman
 j - a serpent talisman
Wands
 r - a wand of iceblast (12)
Scrolls
 d - a scroll of teleportation {unknown}
 f - a scroll of brand weapon {unknown}
 h - a scroll of enchant armour {unknown}
 k - a scroll of identify {unknown}
 m - a scroll of amnesia {unknown}
 p - a scroll of immolation {unknown}
 q - a scroll of enchant weapon {unknown}
Potions
 a - a potion of lignification
 e - a potion of mutation {unknown}
 g - a potion of attraction {unknown}
 n - a potion of ambrosia {unknown}
 o - a potion of heal wounds {unknown}


   Skills:
 + Level 2.2 Fighting
 - Level 2.0 Dodging
 + Level 3.6 Unarmed Combat
 * Level 4.1 Shapeshifting


You had 3 spell levels left.
You didn't know any spells.
Your spell library was empty.

Dungeon Overview and Level Annotations

Branches:
Dungeon (4/15)
 Temple: D:4-7

Altars:
Hepliaklqana
Qazlal
Uskayaw
Wu Jian
Yredelemnul
Zin

Shops:
D:2 (


Innate Abilities, Weirdness & Mutations

You are a hulking beast.
Your limbs bulge with bestial killing power. (Slay +2)
You cannot wear most types of armour.
You are amphibious.
You can wear up to eight rings at the same time.
Your skin changes colour to match your surroundings (Stealth+).
Your rubbery body absorbs attacks. (AC +1, EV +1)
((You are camouflaged when in or above water. (Stealth+)))
You have tentacles for arms and can constrict up to eight enemies at once.


Message History

Found an ornate altar of the Wu Jian Council.
Ijyb the Twisted Goblin comes into view.
She is wielding a +0 club and carrying a wand of iceblast.
There is a hide-covered altar of Uskayaw here.
Ijyb zaps a wand.
The mass of ice explodes!
The iceblast engulfs you!
You take 12 damage, and have 17/29 hp.
MASSIVE DAMAGE!!
There is a fountain of clear blue water here.
You tentacle-slap Ijyb. Your grab misses Ijyb.
Ijyb is lightly wounded.
Ijyb barely misses you.
You tentacle-slap Ijyb. You grab Ijyb.
Ijyb is moderately wounded.
You constrict Ijyb. Ijyb hits you with a +0 club.
You take 4 damage, and have 14/29 hp.
You tentacle-slap Ijyb but do no damage.
You squeeze Ijyb, but do no damage.
Ijyb is moderately wounded.
You constrict Ijyb, but do no damage. Ijyb hits you with a +0 club.
You take 5 damage, and have 9/29 hp.
You tentacle-slap Ijyb but do no damage.
You squeeze Ijyb.
Ijyb is heavily wounded.
You constrict Ijyb. Ijyb barely misses you.
You tentacle-slap Ijyb. You squeeze Ijyb.
You kill Ijyb!
Your Shapeshifting skill increases to level 4!
r - a wand of iceblast (12)
Things that are here:
a +0 club; a +0 ring mail; the goblin corpse of Ijyb A centaur is nearby!
You regained 6 hp, and now have 16/29 hp.
There is a fountain of clear blue water here.
Okay, then.
Okay, then.
The centaur shouts!
The centaur wields a +0 orcbow.
The centaur shoots an arrow.
The arrow hits you!
* * * LOW HITPOINT WARNING * * *
You take 12 damage, and have 5/29 hp.
MASSIVE DAMAGE!!
The centaur unwields a +0 orcbow.
The centaur hits you.
You die...

.~~P.#..#### #...#
#~~P.......### #...#
#.~......_...# #.###
###..#._.....###.# ###
#..............#.###....
#.#.#._.)⌠.._..#........
#.......[......)##....
..##......._...#...#....
.......h._....#..#...#
#####..c....)##....###
###.....#...##.##
#.#.......##..##
#.#..###.......## ###
##...###...###...##
....##......#...# ##..>#
............#...# ##.>#
c...#.......#...## ####


You could see a centaur.

Vanquished Creatures
  A hound (D:4)
  Ijyb (D:3)
  An adder (D:2)
  A dart slug (D:1)
  An orc (D:4)
  4 ball pythons
  An endoplasm (D:3)
  2 giant cockroaches (D:1)
  2 goblins (D:1)
  7 kobolds
  A quokka (D:1)
  4 bats
  2 rats
28 creatures vanquished.

Notes
Turn   | Place    | Note
-------+----------+-------------------------------------------
     0 | D:1      | Dirtsage the Octopode Shapeshifter began the quest for the
                  | Orb.
     0 | D:1      | Reached XP level 1. HP: 13/13 MP: 1/1
   293 | D:1      | Reached XP level 2. HP: 12/18 MP: 2/2
   935 | D:2      | Reached XP level 3. HP: 20/23 MP: 3/3
  1088 | D:2      | Found Zoemeck's Weapon Shop.
  1116 | D:3      | Noticed a centaur
  1138 | D:3      | Found a basalt altar of Yredelemnul.
  1140 | D:3      | Found a stormy altar of Qazlal.
  1182 | D:4      | Reached XP level 4. HP: 20/29 MP: 4/4
  1350 | D:3      | Found a hide-covered altar of Uskayaw.
  1366 | D:3      | Found a glowing silver altar of Zin.
  1367 | D:3      | Found a hazy altar of Hepliaklqana.
  1369 | D:3      | Found an ornate altar of the Wu Jian Council.
  1370 | D:3      | Noticed Ijyb
  1378 | D:3      | Killed Ijyb
  1379 | D:3      | Reached skill level 4 in Shapeshifting
  1413 | D:3      | Slain by a centaur

Illustrated notes

Levels and vault maps discovered:
D:1:      psy_arrival_spokes, layout_basic, chequers_jeans, minivault_19,
          minivault_5, roderic_roman_lattice
D:2:      layout_basic, serial_shops, nicolae_shop_bloodbath_and_beyond,
          minmay_increasing_density
D:3:      layout_rooms, grunt_temple_overflow_open,
          hellmonk_ecumenical_altar_crossroads, serial_bayou_pond_e, uniq_ijyb
D:4:      layout_gridville, serial_shops, shop_statue

Skill      XL: |  1  2  3  4 |
---------------+-------------+-----
Fighting       | 2 |  2.2
Shapeshifting  | 4 |  4.1
Dodging        | |  2.0
Unarmed Combat | |  3.6

Action                     |  1- 3 |  4- 6 || total
---------------------------+-------+-------++-------
  Melee: Unarmed           |    43 |     9 ||    52
         Constrict         |     7 |     4 ||    11
         Tentacles         |     4 |     6 ||    10
   Stab: Sleeping          |     7 |     1 ||     8
 Armour: Skin              |    21 |     7 ||    28
  Dodge: Dodged            |    20 |     5 ||    25

Table legend: (Time is in decaauts)
 A = Elapsed time spent in this place.
 B = Non-inter-level travel time spent in this place.
 C = Inter-level travel time spent in this place.
 D = Time resting spent in this place.
 E = Time spent auto-exploring this place.
 F = Levels seen in this place.
 G = Mean time per level.
                   A        B        C        D        E       F      G
               +--------+--------+--------+--------+--------+-----+--------+
         Total |   1409 |   1331 |     78 |      0 |   1067 |   4 |  352.2 |
       Dungeon |   1409 |   1331 |     78 |      0 |   1067 |   4 |  352.2 |
               +--------+--------+--------+--------+--------+-----+--------+

Top non-repeatable levels by time:
     D:1: 803 daAuts
     D:2: 298 daAuts
     D:3: 167 daAuts
     D:4: 140 daAuts
